 Dungeon Crawl Stone Soup version 0.31-a0-237-g2d982f9f85 (webtiles) character file.

Game seed: 4497427892581631300

37 qw the Shooter (level 3, 0/20 HPs)
             Began as a Gargoyle Hexslinger on July 10, 2023.
             Slain by Sigmund
             ... wielding a +1 scythe of flaming
              (2 damage)
             ... on level 2 of the Dungeon.
             The game lasted 00:00:16 (984 turns).

qw the Shooter (Gargoyle Hexslinger)                 Turns: 984, Time: 00:00:16

Health: 0/20       AC:  8    Str: 11    XL:     3   Next: 41%
Magic:  4/4        EV:  7    Int: 13    God:
Gold:   78         SH:  0    Dex: 14    Spells: 3/4 levels left

rFire   . . .        a - +1 sling
rCold   . . .        (no shield)
rNeg    + . .        d - +0 ring mail
rPois   inf          (no helmet)
rElec   +            (no cloak)
rCorr   .            (no gloves)
SInv    .            (no boots)
Will    .....        (no amulet) Stlth
                     (no ring)
HPRegen 0.23/turn    (no ring)
MPRegen 0.09/turn

%: no passive effects
@: confused, constricted
A: sickness immunity, AC +3, negative energy resistance 1, electricity
resistance, torment resistance 1, petrification resistance
a: no special abilities


You were on level 2 of the Dungeon.
You visited 1 branch of the dungeon, and saw 2 of its levels.

You collected 78 gold pieces.


Innate Abilities, Weirdness & Mutations

You are immune to sickness and miasma.
Your stone body is resilient. (AC +3)
You are immune to poison.
You resist negative energy. (rN+)
You are resistant to electric shocks. (rElec)
You are resistant to unholy torment.
You are immune to petrification.


   Skills:
 + Level 1.2 Fighting
 - Level 3.6 Ranged Weapons
 - Level 1.5 Dodging
 - Level 1.0 Spellcasting
 - Level 2.6 Hexes


You had 3 spell levels left.
You knew the following spells:

 Your Spells              Type           Power      Damage    Failure   Level
a - Slow                  Hex            28%        N/A       22%         1

Your spell library contained the following spells:

 Spells                   Type           Power      Damage    Failure   Level
 Inner Flame              Hex/Fire       4%         N/A       75%         3
 Portal Projectile        Hex/Tloc       8%         N/A       75%         3
 Cause Fear               Hex            3%         N/A       92%         4

Inventory:

Hand Weapons
 a - a +1 sling (weapon)
Armour
 d - a +0 ring mail (worn)
Scrolls
 c - 3 scrolls of vulnerability {unknown}
Potions
 b - 2 potions of haste {unknown}
 e - a potion of heal wounds {unknown}
 f - a potion of curing {unknown}
 g - a potion of berserk rage {unknown}
 h - a potion of mutation {unknown}
 i - a potion of lignification {unknown}

Dungeon Overview and Level Annotations

Branches:
Dungeon (2/15)

Altars:

Annotations:
D:2 Sigmund


Message History

You shoot a sling bullet.
The sling bullet barely misses the frilled lizard.
You shoot a sling bullet.
The sling bullet hits the frilled lizard.
You kill the frilled lizard!
c - 3 scrolls labelled QUYGEVEHAA
Enter note: You open the large door.
Found a stone staircase leading up.
Enter note:
Enter note:
There is a large open door here.
Sigmund the Dreaded comes into view.
He is wielding a +1 scythe of flaming.
Sigmund shouts!
You hear an angry hiss.
Sigmund casts a spell at you. The magic dart hits you!
Ouch! That really hurt!
A ball python comes into view.
There is a large open door here.
Enter note:
Enter note:
Enter note:
Enter note: You shoot a sling bullet.
The sling bullet completely misses Sigmund.
You shoot a sling bullet. The sling bullet hits Sigmund.
Sigmund is lightly wounded.
You shoot a sling bullet. The sling bullet hits Sigmund.
Sigmund is lightly wounded.
Sigmund gestures at you while chanting.
You are confused.
Sigmund hits you but does no damage. The ball python bites you.
The ball python grabs you. The ball python constricts you.
Sigmund gestures wildly while chanting.
Sigmund flickers and vanishes!
Deactivating autopickup; reactivate with Ctrl-A.
The ball python barely misses you. The ball python constricts you.
Something hits you! Something burns you.
You die...

........<...+
#...##.#.#### ...#
#...##.#.# ...#
#......#.# ...#
#..#####.# ...#### #..#
#.# .......
#..#####.####### {..!...
#..............##S.$....
##.............'@.......
####...........##.<.....
........##+#....+.......
..##)#...#.#.####.....).
#.##.#...#.#.# #.......
#.##.#...#.#.# .........
..##.#...#.#.#..##......
####.#.#.#.#.#.###......
#.#...........+


You could see a ball python.

Vanquished Creatures
  Jessica (D:2)
  3 endoplasms (D:1)
  2 hobgoblins (D:1)
  2 bats
  2 frilled lizards (D:2)
  A kobold (D:1)
  A rat (D:1)
12 creatures vanquished.

Notes
Turn   | Place    | Note
-------+----------+-------------------------------------------
     0 | D:1      | qw the Gargoyle Hexslinger began the quest for the Orb.
     0 | D:1      | Reached XP level 1. HP: 12/12 MP: 2/2
     0 | D:1      | 0 ||| qw: Version: 0.3-a-52-g30416fa
     0 | D:1      | 0 ||| qw: Game counter: 4986
     0 | D:1      | 0 ||| qw: Melee chars always use a shield: true
     0 | D:1      | 0 ||| qw: God list: Okawaru
     0 | D:1      | 0 ||| qw: Allow faded altars: false
     0 | D:1      | 0 ||| qw: Do Orc after clearing Dungeon:15 true
     0 | D:1      | 0 ||| qw: Do second Lair branch before Depths: true
     0 | D:1      | 0 ||| qw: Lair rune preference: random
     0 | D:1      | 0 ||| qw: Goals: Normal
     0 | D:1      | 0 ||| PLANNING D:1-11
   669 | D:1      | Reached XP level 2. HP: 16/16 MP: 3/3
   796 | D:1      | 796 ||| UPGRADING to +0 ring mail.
   806 | D:1      | 806 ||| DROPPING +0 robe.
   807 | D:1      | 807 ||| DROPPING scroll of poison.
   858 | D:2      | Noticed Jessica
   861 | D:2      | Killed Jessica
   862 | D:2      | Reached skill level 3 in Ranged Weapons
   862 | D:2      | Reached XP level 3. HP: 20/20 MP: 4/4
   978 | D:2      | Noticed Sigmund
   984 | D:2      | HP: 2/20 [something (7)]
   984 | D:2      | Slain by Sigmund

Levels and vault maps discovered:
D:1:      nzn_arrival_depleted_hourglass, layout_basic, serial_forest,
          infiniplex_forest_corner_2, infiniplex_forest_lined_2,
          infiniplex_forest_zigzag_1, infiniplex_forest_end_2,
          infiniplex_forest_end_2, infiniplex_forest_lined_2, st_stairs_13
D:2:      layout_basic, shapermc_ecumenical_altar_notcrosses, uniq_jessica,
          uniq_sigmund

Skill      XL: |  1  2 |
---------------+-------+-----
Ranged Weapons | 3 |  3.6
Fighting       | |  1.2
Dodging        | |  1.5
Spellcasting   | |  1.0
Hexes          | |  2.6

Action                     || total
---------------------------++-------
   Fire: Sling             ||    52
 Armour: Robe              ||     5
         Ring mail         ||     7
  Dodge: Dodged            ||    20

Table legend:
 A = Non-vault XP
 B = Vault XP
 C = Vault XP percentage of total XP
 D = Non-vault monster count
 E = Vault monster count
 F = Vault count percentage of total count
                 A         B        C        D         E       F
            +---------+---------+-------+---------+---------+-------
      Total |      15 |      39 |  72.2 |      10 |       2 |  16.7
            +---------+---------+-------+---------+---------+-------
        D:1 |      11 |       2 |  15.4 |       7 |       1 |  12.5
        D:2 |       4 |      37 |  90.2 |       3 |       1 |  25.0
            +---------+---------+-------+---------+---------+-------
